 Dungeon Crawl Stone Soup version 0.30-a0-779-g7971cf19c3 (webtiles) character file.

Game seed: 15137523285392850016

19 Esekla the Sneak (level 2, -1/21 HPs)
             Began as an Octopode Delver on Feb 17, 2023.
             Slain by a hound (5 damage)
             ... on level 5 of the Dungeon.
             The game lasted 00:03:06 (273 turns).

Esekla the Sneak (Octopode Delver)                   Turns: 273, Time: 00:03:07

Health: -1/21      AC:  1    Str: 11    XL:     2   Next: 75%
Magic:  2/2        EV: 13    Int: 12    God:
Gold:   38         SH:  0    Dex: 13    Spells: 1/1 levels left

rFire   . . .      SeeInvis .    a - +0 falchion
rCold   . . .      Faith    .    (no shield)
rNeg    . . .      Spirit   .    (helmet restricted)
rPois   .          Reflect  .    (no amulet)
rElec   .          Harm     .    (no ring)
rCorr   .          Rampage  .    (no ring)
Will    .....                    (no ring)
Stlth   ++                       (no ring)
HPRegen 0.23/turn                (no ring)
MPRegen 0.08/turn                (no ring)
                                 (no ring)
                                 (no ring)

@: confused, ambrosia-drunk
A: almost no armour, amphibious, 8 rings, camouflage 1, gelatinous body 1,
(nimble swimmer 1), tentacles
a: no special abilities


You were on level 5 of the Dungeon.
You visited 1 branch of the dungeon, and saw 1 of its levels.

You collected 38 gold pieces.

Inventory:

Hand Weapons
 a - a +0 falchion (weapon)
Wands
 f - a wand of digging (3)
Scrolls
 b - a scroll of fog
 d - a scroll of fear
Potions
 c - a potion of mutation {unknown}


   Skills:
 * Level 3.1 Fighting
 * Level 2.2 Long Blades
 * Level 2.2 Dodging
 + Level 7.0 Stealth
 * Level 0.4 Spellcasting


You had one spell level left.
You didn't know any spells.
Your spell library was empty.

Dungeon Overview and Level Annotations

Branches:
Dungeon (5/15)
 Temple: D:4-7

Altars:


Innate Abilities, Weirdness & Mutations

You cannot wear most types of armour.
You are amphibious.
You can wear up to eight rings at the same time.
Your skin changes colour to match your surroundings (Stealth+).
Your rubbery body absorbs attacks. (AC +1, EV +1)
((You are camouflaged when in or above water. (Stealth+)))
You have tentacles for arms and can constrict up to eight enemies at once.


Message History

You feel sick. The jackal misses you. The jackal closely misses you.
Your extra speed is starting to run out.
You feel sick.
You are no longer poisoned.
The jackal closely misses you. x2
Found a dagger.
The jackal bites you.
You closely miss the jackal. You grab the jackal. You squeeze the jackal.
The jackal is lightly wounded.
You constrict the jackal, but do no damage.
The jackal misses you.
You hit the jackal.
The jackal is severely wounded.
You constrict the jackal. The jackal misses you.
You barely miss the jackal.
The jackal is almost dead.
You constrict the jackal.
You kill the jackal! 5 orcs come into view.
An orc is wielding a +2 heavy flail.
The orc moves out of view.
An orc wizard comes into view. It is wielding a +0 falchion.
You feel yourself slow down.
You see here a +0 dagger.
The hound attacks as you move away! The hound bites you.
* * * LOW HITPOINT WARNING * * *
The hound attacks as you move away! The hound barely misses you. x2
The hound attacks as you move away! The hound closely misses you.
It was a potion of ambrosia.
You are confused.
You feel invigorated. The hound bites you. x2
* * * LOW HITPOINT WARNING * * *
You barely miss the hound. The hound bites you. x2
* * * LOW HITPOINT WARNING * * *
You closely miss the hound. The hound bites you.
* * * LOW HITPOINT WARNING * * *
You bump into the stone wall.
The orc shouts!
The orc wizard shouts!
The hound completely misses you. The hound bites you.
* * * LOW HITPOINT WARNING * * *
The hound attacks as you move away! The hound bites you.
You die...

,,,,*,*,,,,,,,*#†#####8***.,*****
**,,,,,,,***#,*#.#...#_~~**,,,,,,
**,***,*####o##....#*,,~~**,***,
*** *,*#..o...).###*,,,~~*,***,
*,*#.##.##o## *8_,,,,+,,,,,
*,,,,oo,*#oh###*,,,~~*,,**,
***#.#***#h...#*,,~~**,,**, #,,,*
#h#...#_~~**,,,,,, ***,*
#@#####8***,,*,**, *,* #..#*
****,,,,,,,, *,*
##..#***,,,***,*** *,*
*....,,,,*,,,,,,, *,*
*.....****,**,**, *,* *.....#
**,**,**, *,* *.^...# *,,,,,**,
****,** *###### *,,*****, *,,,,,*
*,,*****,


You could see a hound, an orc wizard, an orc and 2 jackals.

Vanquished Creatures
  2 adders (D:5)
  A jackal (D:5)
3 creatures vanquished.

Notes
Turn   | Place    | Note
-------+----------+-------------------------------------------
     0 | D:5      | Esekla the Octopode Delver began the quest for the Orb.
     0 | D:5      | Reached XP level 1. HP: 16/16 MP: 1/1
    40 | D:5      | Reached XP level 2. HP: 21/21 MP: 2/2
   140 | D:5      | Noticed a phantom
   249 | D:5      | Reached skill level 7 in Stealth
   273 | D:5      | Slain by a hound

Illustrated notes

Levels and vault maps discovered:
D:5:      layout_loops_cross, nicolae_yredelemnul_corpse_copse,
          gammafunk_temple_overflow_claw

Skill      XL: |  1  2 |
---------------+-------+-----
Stealth        | 7 |  7.0
Fighting       | |  3.1
Long Blades    | |  2.2
Dodging        | |  2.2
Spellcasting   | |  0.4

Action                     || total
---------------------------++-------
  Melee: Falchion          ||    10
         Constrict         ||     1
         Tentacles         ||     1
    Use: Scroll            ||     1
         Potion            ||     2
   Stab: Sleeping          ||     2
 Armour: Skin              ||     1
  Dodge: Dodged            ||    15

Table legend: (Time is in decaauts)
 A = Elapsed time spent in this place.
 B = Non-inter-level travel time spent in this place.
 C = Inter-level travel time spent in this place.
 D = Time resting spent in this place.
 E = Time spent auto-exploring this place.
 F = Levels seen in this place.
 G = Mean time per level.
                   A        B        C        D        E       F      G
               +--------+--------+--------+--------+--------+-----+--------+
         Total |    255 |    255 |      0 |      0 |     83 |   1 |  255.0 |
       Dungeon |    255 |    255 |      0 |      0 |     83 |   1 |  255.0 |
               +--------+--------+--------+--------+--------+-----+--------+

Top non-repeatable levels by time:
     D:5: 255 daAuts
